 Dungeon Sprint DCSS version 0.28-a0-1435-g82390b3a13 (webtiles) character file.

Game seed: 13638556599454723137

798 mhtbhm the Cleaver (level 7, -1/117 HPs)
             Began as a Minotaur Berserker on Jan 9, 2022.
             Was a High Priest of Trog.
             Slain by a human (7 damage)
             ... in the Dungeon (Sprint III: "The Ten Rune Challenge").
             The game lasted 00:00:55 (632 turns).

mhtbhm the Cleaver (Minotaur Berserker)              Turns: 632, Time: 00:00:56

Health: -1/117     AC:  3    Str: 26    XL:     7   Next: 58%
Magic:  6/6        EV: 13    Int:  4    God:    Trog [*****.]
Gold:   30         SH:  0    Dex:  9    Spells: 6/6 levels left

rFire   . . .      SeeInvis .   a - +0 hand axe
rCold   . . .      Faith    .   (no shield)
rNeg    . . .      Spirit   .   b - +0 animal skin
rPois   .          Reflect  .   (helmet unavailable)
rElec   .          Harm     .   (no cloak)
rCorr   .          Rampage  .   (no gloves)
Will    .....      NoTele   +   i - +0 pair of boots
Stlth   ..........              (no amulet)
HPRegen 0.29/turn               (no ring)
MPRegen 0.10/turn               (no ring)

@: berserking, very quick
A: horns 3, retaliatory headbutt, strong 1
a: Renounce Religion, Berserk, Trog's Hand, Brothers in Arms


You were in the Dungeon.
You worshipped Trog.
Trog was extremely pleased with you.
You visited 1 branch You collected 30 gold pieces.

Inventory:

Hand Weapons
 a - a +0 hand axe (weapon)
Armour
 b - a +0 animal skin (worn)
 i - a +0 pair of boots (worn)
Wands
 p - a wand of acid (13)
Scrolls
 h - a scroll of blinking
 j - a scroll of identify {unknown}
 k - 2 scrolls of torment {unknown}
 l - a scroll of vulnerability {unknown}
 n - a scroll of amnesia {unknown}
Potions
 c - 2 potions of curing
 e - a potion of haste
 f - 2 potions of magic
 g - a potion of berserk rage
 m - 4 potions of flight
 o - 5 potions of mutation


   Skills:
 + Level 12.5 Fighting
 + Level 12.9 Axes
 + Level 7.0 Armour
 + Level 7.1 Dodging
 + Level 1.0 Stealth


You had 6 spell levels left.
You didn't know any spells.
Your spell library was empty.

Dungeon Overview and Level Annotations

Branches:
Dungeon (1/1)

Altars:
Dithmenos
Elyvilon
Kikubaaqudgha
Okawaru
Ru
Sif Muna
Trog
Uskayaw
Vehumet
Wu Jian
Yredelemnul
Zin
The Shining One
Beogh


Innate Abilities, Weirdness & Mutations

You have a pair of large horns on your head.
You reflexively headbutt those who attack you in melee.
Your muscles are strong. (Str +2)


Message History

The human is lightly wounded.
The human closely misses you. You furiously retaliate!
You headbutt the human! You barely miss the human.
Your headbutt misses the human.
The human is heavily wounded.
The human hits you with a +0 whip!
You hit the human.
The human is heavily wounded.
The human closely misses you.
You barely miss the human.
You headbutt the human, but do no damage.
The human is heavily wounded.
The human hits you with a +0 whip!!
You hit the human. Your headbutt misses the human.
The human is heavily wounded.
The human hits you with a +0 whip!
* * * LOW HITPOINT WARNING * * *
You feel much better. The human hits you with a +0 whip!
The human hits you with a +0 whip.
* * * LOW HITPOINT WARNING * * *
A red film seems to cover your vision as you go berserk!
You feel yourself moving faster!
You feel mighty! The human hits you with a +0 whip!
* * * LOW HITPOINT WARNING * * *
You miss the human.
The human is heavily wounded.
The human hits you with a +0 whip!
* * * LOW HITPOINT WARNING * * *
You completely miss the human.
The human is heavily wounded.
The human hits you with a +0 whip!
* * * LOW HITPOINT WARNING * * *
You barely miss the human. Your headbutt misses the human.
The human is heavily wounded.
You closely miss the human. Your headbutt misses the human.
The human is heavily wounded.
The human misses you.
You slash the human! Your headbutt misses the human.
The human is severely wounded.
The human hits you with a +0 whip!
You die...

▓▓▓ ###
##.############
..#####..#___#___#__#
†..#..#..#)..#__ #._#
...#..#..###'#'###)##
#..##'#..#.....p@...#
#..###...'.⌠........#
.)####...#...######+#
..###....#.⌠.#
..##÷....#...#
..#......#)###
##.#.....#):.#
####....#___#
▓▓▓▓▓▓▓▓▓▓


You could see a human (berserk).

Vanquished Creatures
  A deep elf pyromancer (D)
  A necrophage (D)
  A water elemental (D)
  Jessica (D)
  A wizard (D)
  A necromancer (D)
  A kobold demonologist (D)
  2 humans (D)
  A wolf (D)
  2 endoplasms (D)
  A rat (D)
13 creatures vanquished.

Vanquished Creatures (others)
  A plant (D)
1 creature vanquished.

Grand Total: 14 creatures vanquished

Notes
Turn   | Place    | Note
-------+----------+-------------------------------------------
     0 | D        | mhtbhm the Minotaur Berserker began the quest for the Orb.
     0 | D        | Reached XP level 1. HP: 19/19 MP: 0/0
   152 | D        | Reached ** piety under Trog
   163 | D        | Noticed Jessica
   167 | D        | Killed Jessica
   168 | D        | Reached skill level 5 in Fighting
   168 | D        | Reached skill level 5 in Axes
   168 | D        | Reached XP level 2. HP: 21/30 MP: 1/1
   168 | D        | Reached XP level 3. HP: 26/37 MP: 2/2
   294 | D        | Gained mutation: Your muscles are strong. (Str +2) [potion
                  | of mutation]
   294 | D        | Gained mutation: You have a pair of large horns on your
                  | head. [potion of mutation]
   308 | D        | Noticed a water elemental
   322 | D        | Killed a water elemental
   322 | D        | Reached *** piety under Trog
   323 | D        | Reached XP level 4. HP: 22/48 MP: 3/3
   487 | D        | Found a radiant altar of Vehumet.
   487 | D        | Found a shimmering blue altar of Sif Muna.
   487 | D        | Found an ancient bone altar of Kikubaaqudgha.
   487 | D        | Noticed a wizard
   492 | D        | Killed a wizard
   493 | D        | Reached XP level 5. HP: 53/53 MP: 4/4
   543 | D        | Found a glowing silver altar of Zin.
   543 | D        | Found a glowing golden altar of the Shining One.
   543 | D        | Found a white marble altar of Elyvilon.
   544 | D        | Noticed a deep elf pyromancer
   547 | D        | Noticed a fire elemental
   549 | D        | Killed a deep elf pyromancer
   549 | D        | Reached **** piety under Trog
   550 | D        | Reached XP level 6. HP: 68/68 MP: 5/5
   550 | D        | Reached XP level 7. HP: 74/74 MP: 6/6
   588 | D        | Found a basalt altar of Yredelemnul.
   588 | D        | Found a shadowy altar of Dithmenos.
   588 | D        | Found a sacrificial altar of Ru.
   598 | D        | Reached ***** piety under Trog
   610 | D        | Found a hide-covered altar of Uskayaw.
   610 | D        | Found an iron altar of Okawaru.
   610 | D        | Found a bloodstained altar of Trog.
   610 | D        | Found an ornate altar of the Wu Jian Council.
   610 | D        | Noticed a human
   614 | D        | Noticed a human
   618 | D        | Killed a human
   619 | D        | Reached skill level 1 in Stealth
   629 | D        | HP: 5/117 [human (10)]
   632 | D        | Slain by a human

Illustrated notes

Levels and vault maps discovered:
D:        dungeon_sprint_mu [sprint_mu_entry_cave, sprint_mu_temple_rooms,
          sprint_mu_d1_spiders, sprint_mu_d2_genie, sprint_mu_d3_branching,
          sprint_mu_orc_legion, sprint_mu_elf_gauntlet, sprint_mu_hive_nellie,
          sprint_mu_lair_fedhas, sprint_mu_vaults_butterflies,
          sprint_mu_slime_circle, sprint_mu_swamp_cave, sprint_mu_snake_twists,
          sprint_mu_blade_basic, sprint_mu_crypt_fortress,
          sprint_mu_tomb_spiral, sprint_mu_vestibule_basic,
          sprint_mu_gehenna_hellfire, sprint_mu_dis_giant,
          sprint_mu_tartarus_statrot, sprint_mu_cocytus_islands, sprint_mu_zot1]

Skill      XL: |  1  2  3  4  5  6  7 |
---------------+----------------------+-----
Fighting       | 5 7 8 11 12 | 12.5
Axes           | 5 8 11 12 | 12.9
Armour         | 3 4 6 7 |  7.0
Dodging        | 3 4 6 7 |  7.1
Stealth        | 1 |  1.0

Action                   |  1- 3 |  4- 6 |  7- 9 || total
-------------------------+-------+-------+-------++-------
Melee: Hand axe          |    24 |     7 |    28 ||    59
       Headbutt          |     2 |     1 |     4 ||     7
       Punch             |     1 |       |       ||     1
Invok: Berserk           |     1 |     2 |     1 ||     4
  Use: Potion            |     1 |       |     1 ||     2
 Stab: Sleeping          |     1 |       |       ||     1
Armor: Animal skin       |     3 |       |       ||     3
Dodge: Dodged            |    12 |     4 |     6 ||    22

Table legend: (Time is in decaauts)
 A = Elapsed time spent in this place.
 B = Non-inter-level travel time spent in this place.
 C = Inter-level travel time spent in this place.
 D = Time resting spent in this place.
 E = Time spent auto-exploring this place.
 F = Levels seen in this place.
 G = Mean time per level.
                   A        B        C        D        E       F      G
               +--------+--------+--------+--------+--------+-----+--------+
         Total |    644 |    644 |      0 |    332 |    132 |   1 |  644.0 |
       Dungeon |    644 |    644 |      0 |    332 |    132 |   1 |  644.0 |
               +--------+--------+--------+--------+--------+-----+--------+

Top non-repeatable levels by time:
       D: 644 daAuts
